 Dungeon Crawl Stone Soup version 0.23-a0-241-g3b46b076a4 (webtiles) character file.

140408 Jesh the Imperceptible (level 16, 0/84 HPs)
             Began as a Spriggan Enchanter on Sept 27, 2018.
             Was the Champion of Dithmenos.
             Shot with a sling bullet by a faun (2 damage)
             ... led by a satyr
             ... on level 2 of the Shoals.
             The game lasted 01:53:36 (36246 turns).

Jesh the Imperceptible (Spriggan Enchanter)        Turns: 36246, Time: 01:53:43

Health: 0/84       AC: 11    Str: 17    XL:     16   Next: 75%
Magic:  31/35      EV: 33    Int: 19    God:    Dithmenos [******]
Gold:   1884       SH:  0    Dex: 17    Spells: 31/43 levels left

rFire    + . .     SeeInvis +   f - +9 dagger (elec)
rCold    . . .     Gourm    .   (shield restricted)
rNeg     . . .     Faith    .   b - +2 robe {rF+}
rPois    .         Spirit   .   L - +2 hat
rElec    .         Reflect  .   y - +2 cloak
rCorr    .         Harm     .   (gloves unavailable)
MR       ++...                  (boots unavailable)
Stlth    ++++++++++             l - amulet of rage
HPRegen  0.24/turn              A - ring of the Sky {Str+4 Slay+4 SInv}
MPRegen  0.24/turn              H - +3 ring of slaying

@: mighty, wreathed by umbra, very quick
A: very small, unfitting armour, hooves 1, repulsion field 1, thin metallic
scales 1, see invisible, herbivore, speed 3, slow metabolism 2
a: Shadow Step, Shadow Form, Renounce Religion, Evoke Berserk Rage


You were on level 2 of the Shoals.
You worshipped Dithmenos.
Dithmenos was exalted by your worship.
You were full.

You visited 6 branches of the dungeon, and saw 27 of its levels.
You visited the Abyss 1 time.
You visited 1 bazaar.
You also visited: Labyrinth and Sewer.

You collected 3552 gold pieces.
You spent 1668 gold pieces at shops.

Inventory:

Hand Weapons
 f - a +9 dagger of electrocution (weapon)
Missiles
 P - 3 throwing nets (quivered)
Armour
 b - a +2 robe of fire resistance (worn)
 y - a +2 cloak (worn)
 L - a +2 hat (worn)
Jewellery
 i - an uncursed ring of protection from fire
 j - an uncursed ring of flight
 l - an amulet of rage (around neck)
 A - the ring of the Sky (left hand) {Str+4 Slay+4 SInv}
   (You took it off a minotaur in a labyrinth)

   [ring of slaying]

   It affects your strength (+4).
   It affects your accuracy and damage with ranged weapons and melee attacks
   (+4).
   It lets you see invisible.
 H - a +3 ring of slaying (right hand)
Wands
 m - a wand of random effects (11)
 n - a wand of paralysis (26)
 p - a wand of iceblast (37)
 C - a wand of enslavement (37)
 K - a wand of disintegration (11)
 M - a wand of flame (65)
 Q - a wand of polymorph (41)
 S - a wand of acid (6)
 U - a wand of digging (13)
Scrolls
 o - 12 scrolls of remove curse
 r - 22 scrolls of teleportation
 u - 2 scrolls of immolation
 x - 5 scrolls of blinking
 B - 5 scrolls of fog
 E - 5 scrolls of amnesia
 F - 15 scrolls of identify
 R - 2 scrolls of fear
Potions
 a - 5 potions of mutation
 c - 13 potions of curing
 g - 3 potions of cancellation
 h - 4 potions of ambrosia
 q - 3 potions of brilliance
 s - 10 potions of heal wounds
 v - 4 potions of flight
 w - 4 potions of magic
 z - 3 potions of might
 W - 2 potions of haste
Miscellaneous
 J - a sack of spiders
 N - a lightning rod (4/4)
Comestibles
 d - 20 rations


   Skills:
 + Level 9.7 Fighting
 + Level 12.4 Short Blades
 + Level 15.7 Dodging
 + Level 21.4 Stealth
 + Level 14.2 Spellcasting
 * Level 16.5 Hexes


You had 31 spell levels left.
You knew the following spells:

 Your Spells              Type           Power        Failure   Level  Hunger
a - Ensorcelled Hibernat  Hex/Ice        #####.       1%          2    None
b - Corona                Hex            ######.      0%          1    None
c - Confuse               Hex            ######..     0%          3    None
d - Tukima's Dance        Hex            ######..     0%          3    None
e - Dazzling Spray        Conj/Hex       #####.       1%          3    None

Your spell library contained the following spells:

 Spells                   Type           Power        Failure   Level  Hunger
 Confusing Touch          Hex            ######       0%          1    None
 Beastly Appendage        Tmut           ##....       4%          1    None
 Sandblast                Erth           ##....       4%          1    None
 Metabolic Englaciation   Hex/Ice        #####.....   4%          5    ####...
 Yara's Violent Unravell  Hex/Tmut       #####.....   4%          5    ####...
 Passwall                 Tmut/Erth      ##......     8%          2    None
 Gell's Gravitas          Tloc           ##........   14%         3    None
 Stone Arrow              Conj/Erth      ##....       14%         3    None
 Petrify                  Tmut/Erth      ##......     43%         4    None
 Alistair's Intoxication  Tmut/Pois      ##......     80%         5    ####...
 Lee's Rapid Deconstruct  Erth           ##........   80%         5    ####...
 Statue Form              Tmut/Erth      ##.......    100%        6    #####..
 Dragon Form              Tmut           ##........   100%        7    #######


Dungeon Overview and Level Annotations

Branches:
Dungeon (15/15)            Temple (1/1) D:7            Lair (6/6) D:10
 Shoals (2/4) Lair:3       Spider (0/4) Lair:3        Slime (0/5) Lair:6
    Orc (2/2) D:12            Elf (0/3) Orc:2        Vaults (0/5) D:13
 Depths (1/5) D:15

Altars:
Ashenzari
Cheibriados
Dithmenos
Elyvilon
Fedhas
Gozag
Hepliaklqana
Kikubaaqudgha
Makhleb
Nemelex Xobeh
Okawaru
Qazlal
Ru
Sif Muna
Trog
Uskayaw
Vehumet
Wu Jian
Xom
Yredelemnul
Zin
The Shining One
Beogh
Jiyva

Shops:
D:4 !   D:5 ?*   D:7 *   D:12 }   D:15 *   Orc:2 ?:![

Annotations:
D:10 exclusion: 2 statues
Orc:1 2 transporters, mihairusu's ghost, journeyman MiBe


Innate Abilities, Weirdness & Mutations

You are very small and have problems with some larger weapons.
You are too small for most types of armour.
You have supernaturally acute eyesight. (SInv)
You are a herbivore.
You cover ground extremely quickly.
You need to consume almost no food.
You have large cloven feet.
You are surrounded by a mild repulsion field. (EV +2)
You are partially covered in thin metallic scales. (AC +2)


Message History

The faun shouts!
The merfolk shouts!
The wind drake flaps its wings at you. The air twists around and strikes you!
The faun unwields an uncursed quarterstaff.
The faun wields a glowing hunting sling.
It is covered in frost.
The faun shoots a sling bullet.
The sling bullet hits you. The sling bullet freezes you.
The merfolk throws a tomahawk.
The tomahawk hits you but does no damage.
The satyr plays a rousing melody on his pipes!
The fauns go into a battle-frenzy!
A dream sheep comes into view.
The merfolk hits you with a trident!!
The faun hits you from afar with a spear!!
* * * LOW HITPOINT WARNING * * *
The merfolk throws a tomahawk.
The tomahawk closely misses you.
The faun shoots a sling bullet.
The sling bullet hits you!
* * * LOW HITPOINT WARNING * * *
The sling bullet freezes you.
You die...

≈≈ .Y.....#.... #. ≈≈≈
..≈....##...######. ≈≈..
##mm≈...#.....##....
≈≈..##..≈≈≈...........(..
≈≈.....m≈m........†.....$
≈≈≈...mH≈.......$.#P.....
≈≈≈≈≈≈≈≈m.k...≈..?.P.†..≈
≈≈≈≈≈≈.(..c..≈≈....P.....
≈≈≈≈≈≈.c@.......#.PPP.P..
≈≈≈≈≈≈.........###P......
≈≈≈≈≈...#c.....# #.....≈P
≈≈≈≈≈≈c(....≈≈..P....P≈≈.
≈≈≈≈≈≈..........#PPPPP≈≈P
≈≈≈≈≈≈≈≈........ .≈P≈≈≈≈
≈≈≈≈≈≈≈≈≈≈≈≈.... ≈P≈≈≈≈
≈≈≈≈≈≈≈ ≈≈≈≈...


You could see a merfolk javelineer, a satyr, a wind drake, 5 merfolk, 3 fauns
and a manticore.

Vanquished Creatures
  Frances (D:12)
  Kirke (D:14)
  An orc warlord (Orc:1)
  An azure jelly (Lair:6)
  Louise (D:15)
  Nessos (D:14)
  Azrael (Orc:2)
  2 dire elephants
  Snorg (Orc:2)
  2 minotaurs
  A fire dragon (Lair:6)
  The ghost of Zaque the Grappler, a journeyman TrHu of Makhleb (D:14)
  A merfolk impaler (Shoals:1)
  A great orb of eyes (D:15)
  7 hydras
  A vault guard (D:13)
  2 merfolk avatars (Shoals:1)
  A catoblepas (Lair:6)
  10 centaur warriors
  4 ogre magi
  12 death yaks
  14 two-headed ogres
  3 tengu warriors
  Urug (D:12)
  The ghost of Soduwufi the Zephyrmancer, a novice GnWn of Hepliaklqana (D:10)
  Sonja (D:12)
  Nergalle (Orc:2)
  2 sea snakes (Shoals:2)
  4 unseen horrors
  4 skeletal warriors
  A phantasmal warrior (D:13)
  A swamp dragon (Lair:6)
  Pikel (D:8)
  2 orc knights (Orc:1)
  A lindwurm (Lair:6)
  2 wolf spiders
  2 deep elf magi
  2 cyclopes
  A wolf spider (shapeshifter) (D:14)
  7 orc sorcerers
  5 fauns (Shoals:1)
  13 ugly things
  5 manticores
  9 slime creatures
  2 elephants (Lair:6)
  3 black mambas
  2 merfolk sirens (Shoals:1)
  A torpor snail (Lair:6)
  2 water nymphs (Shoals:1)
  Joseph (D:8)
  2 gargoyles
  15 spiny frogs
  6 komodo dragons
  9 rime drakes
  A yaktaur (Depths:1)
  2 efreet
  3 kobold demonologists
  A redback zombie (D:13)
  7 merfolk (Shoals:1)
  3 meliai (D:14)
  7 trolls
  Prince Ribbit (Lair:3)
  2 polar bears
  A hornet (D:14)
  20 hippogriffs
  3 snapping turtles
  28 blink frogs
  A meliai zombie (D:15)
  14 dream sheep (Lair:6)
  A tarantella (shapeshifter) (D:15)
  6 spriggans
  2 redbacks (Lair:3)
  A water elemental (Shoals:1)
  4 wyverns
  2 wraiths
  5 fire elementals (Orc:2)
  A hog (D:14)
  3 vampire mosquitoes (D:15)
  A human (shapeshifter) (D:13)
  50 yaks
  9 basilisks
  2 hungry ghosts
  5 wargs
  4 acid dragons
  A soldier ant (D:13)
  3 hell hounds (Orc:2)
  8 porcupines
  18 water moccasins
  5 black bears
  5 sky beasts
  5 swamp drakes (Lair:6)
  21 orc warriors
  8 ice beasts
  A slave (D:8)
  2 eyes of draining
  6 phantoms
  19 ogres
  24 centaurs
  18 wolves
  13 crocodiles
  2 big kobolds
  16 bullfrogs
  An earth elemental (D:15)
  A wyvern zombie (D:9)
  8 scorpions
  A water moccasin skeleton (D:7)
  16 killer bees
  An electric eel (Lair:3)
  7 crimson imps
  3 bullfrog zombies
  5 centaur zombies
  13 orc priests
  2 jellies (D:12)
  2 bullfrog skeletons
  6 hounds
  46 orc wizards
  6 centaur skeletons
  5 iguanas
  24 worker ants
  2 hound zombies
  A hound skeleton (D:4)
  7 gnolls
  A howler monkey skeleton (D:9)
  14 adders
  4 river rats
  6 shadow imps
  An ooze (D:1)
  3 adder skeletons
  3 worms
  3 leopard geckos
  84 orcs
  10 giant cockroaches
  6 goblins
  4 hobgoblins
  3 jackals
  14 kobolds
  3 quokkas
  8 ball pythons
  6 bats
  11 frilled lizards
  4 jackal skeletons
  2 leopard gecko skeletons
  A quokka zombie (D:6)
  10 rats
902 creatures vanquished.

Vanquished Creatures (collateral kills)
  An orc warrior (Orc:1)
  A gnoll (D:9)
  An orc (D:12)
3 creatures vanquished.

Vanquished Creatures (others)
  A hydra (D:15)
  A hog (D:14)
  3 humans (D:14)
  A slave (D:8)
  An eye of draining (D:15)
  A killer bee zombie (D:8)
  An orc (D:14)
  A kobold (D:14)
  4 fungi
  3 plants
  2 starspawn tentacles (Abyss:2)
19 creatures vanquished.

Grand Total: 924 creatures vanquished

Notes
Turn   | Place    | Note
-------+----------+-------------------------------------------
     0 | D:1      | Jesh the Spriggan Enchanter began the quest for the Orb.
     0 | D:1      | Reached XP level 1. HP: 9/9 MP: 5/5
   618 | D:1      | Reached XP level 2. HP: 8/13 MP: 5/7
   622 | D:1      | Learned a level 2 spell: Ensorcelled Hibernation
  1431 | D:2      | Reached XP level 3. HP: 16/16 MP: 3/9
  1436 | D:2      | Learned a level 3 spell: Confuse
  1440 | D:2      | Learned a level 3 spell: Tukima's Dance
  2359 | D:3      | Noticed a bullfrog
  2371 | D:3      | Killed a bullfrog
  2371 | D:3      | Reached skill level 5 in Hexes
  2371 | D:3      | Reached XP level 4. HP: 21/21 MP: 3/11
  2439 | D:3      | Gained mutation: You have large cloven feet. [potion of
                  | mutation]
  2439 | D:3      | Gained mutation: You are partially covered in thin metallic
                  | scales. (AC +2) [potion of mutation]
  2439 | D:3      | Gained mutation: You are surrounded by a mild repulsion
                  | field. (EV +2) [potion of mutation]
  2575 | D:3      | Reached XP level 5. HP: 24/24 MP: 13/13
  2812 | D:3      | Reached skill level 5 in Stealth
  3061 | D:3      | Learned a level 3 spell: Dazzling Spray
  3283 | D:4      | Found Gosi's Distillery.
  3283 | D:4      | Noticed an ogre
  3288 | D:4      | Killed an ogre
  3288 | D:4      | Reached skill level 6 in Stealth
  3291 | D:4      | Bought a potion of heal wounds for 50 gold pieces
  3291 | D:4      | Bought a potion of heal wounds for 50 gold pieces
  3291 | D:4      | Bought a potion of degeneration for 10 gold pieces
  3291 | D:4      | Bought a potion of heal wounds for 50 gold pieces
  3292 | D:4      | Bought a potion of curing for 30 gold pieces
  3305 | D:4      | Reached skill level 7 in Stealth
  3309 | D:4      | Reached XP level 6. HP: 25/28 MP: 10/14
  3652 | D:4      | Reached skill level 8 in Stealth
  3822 | D:4      | Reached skill level 9 in Stealth
  3986 | D:4      | Found a glowing silver altar of Zin.
  4228 | D:4      | Reached XP level 7. HP: 20/32 MP: 5/15
  4354 | D:5      | Entered Level 5 of the Dungeon
  4407 | D:5      | Found an ancient bone altar of Kikubaaqudgha.
  4435 | D:5      | Reached skill level 10 in Stealth
  4457 | D:5      | Found a shattered altar of Ashenzari.
  4516 | D:5      | Reached skill level 11 in Stealth
  4965 | D:5      | Reached skill level 12 in Stealth
  5194 | D:5      | Found a shimmering altar of Xom.
  5202 | D:5      | Found Wilab's Assorted Antiques.
  5211 | D:5      | Bought a scroll labeled UNESOS HIGETOUMI for 25 gold pieces
  5212 | D:5      | Bought a golden potion for 22 gold pieces
  5246 | D:5      | Found Rayl's Magic Scroll Emporium.
  5252 | D:5      | Bought a scroll of noise for 12 gold pieces
  5255 | D:5      | Bought a scroll of identify for 24 gold pieces
  5382 | D:6      | Found a glowing drain.
  5478 | Sewer    | Entered a sewer
  6023 | D:6      | Found a sacrificial altar of Ru.
  6085 | D:6      | Reached XP level 8. HP: 36/36 MP: 16/16
  6117 | D:6      | Reached skill level 13 in Stealth
  6163 | D:6      | Reached skill level 14 in Stealth
  6814 | D:6      | Found a hazy altar of Hepliaklqana.
  6941 | D:6      | Reached skill level 15 in Stealth
  7270 | D:7      | Reached skill level 5 in Spellcasting
  7280 | D:7      | Found a burning altar of Makhleb.
  7472 | D:7      | Reached XP level 9. HP: 23/40 MP: 13/17
  7609 | D:7      | Found a basalt altar of Yredelemnul.
  7644 | D:7      | Reached skill level 1 in Fighting
  7752 | D:7      | Found a staircase to the Ecumenical Temple.
  7782 | Temple   | Entered the Ecumenical Temple
  7827 | Temple   | Became a worshipper of Dithmenos the Shadowed
  7879 | D:7      | Found Denuesupn's Assorted Antiques.
  7882 | D:7      | Bought a scroll labeled UKEMUCEOZOOL for 32 gold pieces
  8339 | D:8      | Found an iron altar of Okawaru.
  8422 | D:8      | Noticed Joseph
  8435 | D:8      | Killed Joseph
  8435 | D:8      | Reached skill level 5 in Dodging
  8533 | D:8      | Found an ornate altar of the Wu Jian Council.
  8688 | D:8      | Noticed Pikel
  8700 | D:8      | Reached * piety under Dithmenos
  8853 | D:8      | Killed Pikel
  8853 | D:8      | Reached skill level 16 in Stealth
  8853 | D:8      | Reached XP level 10. HP: 36/48 MP: 9/21
  8925 | D:8      | Noticed a two-headed ogre
  8932 | D:8      | Killed a two-headed ogre
  8944 | D:8      | Found a runed door.
  8961 | D:8      | Found a runed door.
  9577 | D:9      | Reached ** piety under Dithmenos
  9577 | D:9      | Reached skill level 5 in Short Blades
  9643 | D:9      | Noticed a two-headed ogre
  9680 | D:9      | Killed a two-headed ogre
 10025 | D:9      | Noticed a purple ugly thing
 10117 | D:9      | Killed a purple ugly thing
 10330 | D:10     | Entered Level 10 of the Dungeon
 10439 | D:10     | Noticed an archer statue
 10439 | D:10     | Noticed an archer statue
 10570 | D:10     | Noticed a two-headed ogre
 10575 | D:10     | Killed a two-headed ogre
 10575 | D:10     | Reached XP level 11. HP: 53/53 MP: 22/24
 10684 | D:7      | Bought a bloodstained cloak for 304 gold pieces
 10694 | D:7      | Identified the -3 cloak of Toun {Str+2} (You bought it in a
                  | shop on level 7 of the Dungeon)
 10748 | D:10     | Found a staircase to the Lair.
 11042 | D:10     | Reached *** piety under Dithmenos
 11423 | D:10     | Noticed a two-headed ogre
 11438 | D:10     | Killed a two-headed ogre
 11438 | D:10     | Reached skill level 17 in Stealth
 11928 | D:10     | Found a runed door.
 11928 | D:10     | Noticed Soduwufi's ghost (novice GnWn)
 11997 | D:10     | Killed Soduwufi's ghost
 11997 | D:10     | Reached skill level 5 in Fighting
 12427 | D:11     | Noticed an unseen horror
 12435 | D:11     | Killed an unseen horror
 13258 | D:12     | Noticed Urug
 13258 | D:12     | Noticed Frances
 13259 | D:12     | Killed Frances
 13259 | D:12     | Reached skill level 10 in Dodging
 13259 | D:12     | Reached XP level 12. HP: 60/60 MP: 26/26
 13275 | D:12     | Killed Urug
 13323 | D:12     | Noticed a two-headed ogre
 13325 | D:12     | Killed a two-headed ogre
 13325 | D:12     | Reached skill level 10 in Hexes
 13373 | D:12     | Reached **** piety under Dithmenos
 13508 | D:12     | Reached skill level 18 in Stealth
 13514 | D:12     | Reached skill level 10 in Spellcasting
 13534 | D:12     | Noticed a centaur warrior
 13559 | D:12     | Killed a centaur warrior
 13791 | D:12     | Noticed Sonja
 13812 | D:12     | Killed Sonja
 13997 | D:12     | Noticed a tengu warrior
 14016 | D:12     | Killed a tengu warrior
 14303 | D:12     | Found a staircase to the Orcish Mines.
 14524 | D:12     | Reached ***** piety under Dithmenos
 14543 | D:12     | Found Cearch's Gadget Shoppe.
 14773 | D:13     | Noticed a two-headed ogre
 14817 | D:13     | Reached XP level 13. HP: 46/66 MP: 28/28
 15618 | D:13     | Found a gate to the Vaults.
 16321 | D:13     | Reached skill level 19 in Stealth
 16571 | D:14     | Found a runed gate.
 16575 | D:14     | Found a runed gate.
 16777 | D:14     | Noticed Nessos
 16781 | D:14     | Killed Nessos
 16844 | D:14     | Noticed Kirke
 16862 | D:14     | Found a flickering gateway to a bazaar.
 16871 | Bazaar   | Entered a bazaar
 16871 | Bazaar   | Found Ziyk's Armour Shoppe.
 16871 | Bazaar   | Found Nausiowi's Book Shoppe.
 16872 | Bazaar   | Found Edydymn's Gadget Emporium.
 16872 | Bazaar   | Found Yxagg's Distillery.
 16890 | Bazaar   | Bought a potion of heal wounds for 50 gold pieces
 16890 | Bazaar   | Bought a potion of might for 40 gold pieces
 16890 | Bazaar   | Bought a potion of invisibility for 80 gold pieces
 16890 | Bazaar   | Bought a potion of might for 40 gold pieces
 16920 | D:14     | Killed Kirke
 17177 | D:14     | Reached XP level 14. HP: 47/72 MP: 10/30
 17337 | D:14     | Reached skill level 10 in Short Blades
 17362 | D:14     | Noticed Zaque's ghost (journeyman TrHu)
 17383 | D:14     | Found a runed gate.
 19133 | D:14     | Found a runed gate.
 19133 | D:14     | Found a runed gate.
 19134 | D:14     | Found a runed gate.
 19855 | D:14     | Killed Zaque's ghost
 20265 | Lair:1   | Entered Level 1 of the Lair of Beasts
 21751 | Lair:2   | Reached ****** piety under Dithmenos
 22732 | Lair:3   | Noticed Prince Ribbit
 22741 | Lair:3   | Killed Prince Ribbit
 22793 | Lair:3   | Reached skill level 20 in Stealth
 23254 | Lair:3   | Found a hole to the Spider Nest.
 23503 | Lair:3   | Found a staircase to the Shoals.
 23986 | Lair:4   | Reached XP level 15. HP: 78/78 MP: 32/32
 24521 | Lair:5   | Found a labyrinth entrance.
 24575 | Lab      | Entered a labyrinth
 24936 | Lab      | Got a faintly glowing golden ring
 24937 | Lab      | Identified the ring of the Sky {Str+4 Slay+4 SInv} (You
                  | took it off a minotaur in a labyrinth)
 24941 | Lab      | Identified Sif Muna's Catalogue of Stones and Changing
 24942 | Lab      | Got a vibrating golden ring
 24944 | Lab      | Identified the ring "Cuatebawk" {rN++ SInv} (You found it
                  | in a labyrinth)
 25949 | Lair:6   | Entered Level 6 of the Lair of Beasts
 27725 | Lair:6   | Identified the +2 robe of the Countless Emperors {Str+2}
                  | (You found it on level 6 of the Lair of Beasts)
 27744 | Lair:6   | Found a runed door.
 27747 | Lair:6   | Found a viscous altar of Jiyva.
 27748 | Lair:6   | Found a staircase to the Slime Pits.
 27748 | Lair:6   | Noticed an azure jelly
 27755 | Lair:6   | Killed an azure jelly
 28594 | Lair:6   | Reached skill level 15 in Hexes
 29965 | Orc:1    | Entered Level 1 of the Orcish Mines
 30186 | Orc:2    | Entered Level 2 of the Orcish Mines
 30249 | Orc:2    | Found a bloodstained altar of Trog.
 30303 | Orc:1    | Found a roughly hewn altar of Beogh.
 30670 | Orc:1    | Found a transporter.
 30677 | Orc:1    | Noticed mihairusu's ghost (journeyman MiBe)
 30697 | Orc:1    | Found a transporter.
 30948 | Orc:1    | Noticed an orc warlord
 31376 | Orc:1    | Killed an orc warlord
 31740 | Orc:2    | Found a staircase to the Elven Halls.
 31770 | Orc:2    | Reached XP level 16. HP: 56/84 MP: 34/34
 32015 | Orc:2    | Noticed Azrael
 32035 | Orc:2    | Killed Azrael
 32091 | Orc:2    | Noticed Snorg
 32097 | Orc:2    | Killed Snorg
 32137 | Orc:2    | Reached skill level 15 in Dodging
 32256 | Orc:2    | Found a radiant altar of Vehumet.
 32260 | Orc:2    | Reached skill level 21 in Stealth
 32416 | Orc:2    | Found an ancient bone altar of Kikubaaqudgha.
 32417 | Orc:2    | Noticed Nergalle
 32438 | Orc:2    | Killed Nergalle
 32466 | Orc:2    | Found Cizoxt's Book Emporium.
 32488 | Orc:2    | Found a roughly hewn altar of Beogh.
 32488 | Orc:2    | Found Cutynoq's Antique Armour Shoppe.
 32494 | Orc:2    | Found Betrut's Magic Scroll Emporium.
 32509 | Orc:2    | Found Deuxke's Distillery.
 32566 | Orc:2    | Bought a potion of haste for 140 gold pieces
 32566 | Orc:2    | Bought a potion of brilliance for 56 gold pieces
 32566 | Orc:2    | Bought a potion of heal wounds for 70 gold pieces
 32566 | Orc:2    | Bought a potion of ambrosia for 112 gold pieces
 32566 | Orc:2    | Bought 2 potions of heal wounds for 140 gold pieces
 32566 | Orc:2    | Bought a potion of magic for 112 gold pieces
 32566 | Orc:2    | Bought 2 potions of flight for 84 gold pieces
 32579 | Orc:2    | Bought a scroll of teleportation for 45 gold pieces
 32579 | Orc:2    | Bought a scroll of teleportation for 45 gold pieces
 32579 | Orc:2    | Bought a scroll of teleportation for 45 gold pieces
 33067 | D:15     | Entered Level 15 of the Dungeon
 33102 | D:15     | Found Baclaz Nee's Pet Rocks.
 33192 | D:15     | Found a staircase to the Depths.
 33428 | D:15     | Noticed Louise
 33436 | D:15     | Cast into level 2 of the Abyss (Louise)
 33597 | Abyss:2  | Noticed a tentacled starspawn
 33644 | D:15     | Escaped the Abyss
 33711 | D:15     | Killed Louise
 34842 | Depths:1 | Entered Level 1 of the Depths
 35140 | Shoals:1 | Entered Level 1 of the Shoals
 36246 | Shoals:2 | HP: 2/84 [faun/sling bullet[a satyr] (13)]
 36246 | Shoals:2 | Shot with a sling bullet by a faun

Vault maps used:
D:1:      dpeg_arrival_radiant
D:2:      minmay_parallelograms
D:3:      kb_forest_paths, hex_large, minmay_strange_pillars
D:4:      lemuel_round_altar, first_ration, serial_shops,
          nicolae_shop_behind_doors
D:5:      overflow_temple_1_default, old_standard_altar, xom_teletrap_fun,
          serial_shops, nicolae_shop_overgrown_old_shop,
          nicolae_shop_competitors_out_of_business
D:6:      minmay_flawed_box, nicolae_ru_the_path_less_chosen,
          old_standard_altar, portal_sewer_entry_b
D:7:      lemuel_crystal_altar, lemuel_doored_altar,
          minmay_temple_entry_large_hall, serial_shops, shop,
          hangedman_decor_diamond_cutter
D:8:      lemuel_insect_pit, okawaru_trees_1, old_standard_altar,
          kennysheep_generic_room_16, uniq_joseph, uniq_pikel
D:10:     minmay_lair_entry_grove, ebering_ghost_funeral_grove, the_bakery,
          minmay_dual_archer_statues
D:12:     minmay_the_grid_net, orc_0_dummy, serial_shops, nicolae_shop_crystal,
          uniq_sonja, uniq_urug, uniq_frances
D:13:     david_vaults_4, minmay_joined_circles
D:14:     serial_shops, bzr_in_the_mist, roderic_serpentine_path,
          maelrawn_ghost_labyrinth_escape, uniq_louise, uniq_kirke, uniq_nessos
D:15:     hangedman_depths_entry_try_elsewhere_first, kennysheep_crisscross,
          spider_trap, guppyfry_shop_earth
Temple:   minmay_temple_bridge_abc
Lair:2:   beast_lair_carwin_large_1
Lair:3:   minmay_shoals_entry_hut, spider_nest_entry_funnel_web,
          uniq_prince_ribbit2
Lair:4:   forest_entry_grove
Lair:5:   lab_entry_generic, minmay_lair_drake_nest, infiniplex_staircase_pool
Lair:6:   hangedman_lair_in_review, guppyfry_lair_end_dragon, slime_altar_2
Orc:1:    cheibrodos_orc_arena, gammafunk_ghost_stat_death, mines1_david
Orc:2:    kennysheep_orc_mage_school, basic_altar, uniq_azrael, uniq_snorg
Depths:1: evilmike_horseshoe, pf_vacation_house_of_asmodeus,
          minmay_guarded_unrand_wrath_of_trog, uniq_sojobo
Abyss:2:  evilmike_abyss_exit_kraken, hangedman_abyss_mock_shop
Lab:      labyrinth_watery
Bazaar:   bazaar_jpeg_oval
Sewer:    sewer_co_cracked_pipes

Skill      XL: |  1  2  3  4  5  6  7  8  9 10 11 12 13 14 15 16 |
---------------+-------------------------------------------------+-----
Spellcasting   | 3 4 5 6 8 9 10 11 12 13 14 | 14.2
Hexes          | 4 5 7 8 9 10 12 13 15 16 | 16.5
Stealth        | 7 9 12 15 16 17 18 19 20 21 | 21.4
Short Blades   | 2 4 5 7 8 9 10 11 12 | 12.4
Fighting       | 2 4 5 6 7 8 9 |  9.7
Dodging        | 6 8 10 11 12 13 14 15 | 15.7

Action                   |  1- 3 |  4- 6 |  7- 9 | 10-12 | 13-15 | 16-18 || total
-------------------------+-------+-------+-------+-------+-------+-------++-------
Melee: Dagger            |    74 |    95 |   262 |   514 |   960 |   410 ||  2315
       Kick              |       |    15 |    38 |   113 |   256 |   137 ||   559
Throw: Throwing net      |       |       |       |     3 |     2 |       ||     5
 Cast: Corona            |     4 |       |       |       |       |       ||     4
       Ensorcelled Hiber |    12 |     7 |    54 |    44 |    27 |     7 ||   151
       Dazzling Spray    |       |     1 |     4 |    12 |    35 |    13 ||    65
       Confuse           |       |     9 |    12 |    24 |    74 |    16 ||   135
       Tukima's Dance    |       |       |       |     2 |     2 |     2 ||     6
Invok: Shadow Step       |       |       |       |       |     5 |     2 ||     7
 Abil: Evoke Berserk Rag |     1 |       |     1 |     2 |     4 |       ||     8
Evoke: Wand              |       |       |     6 |     5 |     4 |       ||    15
       Sack of spiders   |       |       |       |       |       |     3 ||     3
  Use: Scroll            |     9 |     6 |    10 |     9 |     9 |     4 ||    47
       Potion            |     2 |     1 |     3 |     1 |    19 |     3 ||    29
 Stab: Sleeping          |    17 |    11 |    50 |    55 |   118 |    14 ||   265
       Distracted        |     1 |       |     2 |     5 |     4 |     4 ||    16
       Confused          |       |     1 |     2 |    16 |    19 |     7 ||    45
       Invisible         |       |       |     1 |     3 |    31 |     3 ||    38
       Held in net/web   |       |       |       |     1 |     2 |       ||     3
  Eat: Ration            |       |     2 |     3 |     5 |    10 |     6 ||    26
Armor: Robe              |     8 |     7 |    30 |    19 |    32 |    18 ||   114
       Skin              |     3 |     1 |       |       |       |       ||     4
Dodge: Dodged            |    66 |    71 |   232 |   438 |   806 |   308 ||  1921

Table legend:
 A = Non-vault XP
 B = Vault XP
 C = Vault XP percentage of total XP
 D = Non-vault monster count
 E = Vault monster count
 F = Vault count percentage of total count
                 A         B        C        D         E       F
            +---------+---------+-------+---------+---------+-------
      Total |  132109 |   68474 |  34.1 |     660 |     245 |  27.1
            +---------+---------+-------+---------+---------+-------
        D:1 |      32 |       0 |   0.0 |      17 |       0 |   0.0
        D:2 |      33 |       0 |   0.0 |      12 |       0 |   0.0
        D:3 |      69 |      96 |  58.2 |      16 |       6 |  27.3
        D:4 |     528 |       0 |   0.0 |      14 |       0 |   0.0
        D:5 |     539 |       0 |   0.0 |      19 |       0 |   0.0
        D:6 |     562 |     452 |  44.6 |      20 |      18 |  47.4
        D:7 |     951 |       0 |   0.0 |      15 |       0 |   0.0
        D:8 |    2726 |    1536 |  36.0 |      32 |      16 |  33.3
        D:9 |    2753 |       0 |   0.0 |      27 |       0 |   0.0
       D:10 |    4295 |    3310 |  43.5 |      29 |      19 |  39.6
       D:11 |    3784 |       0 |   0.0 |      22 |       0 |   0.0
       D:12 |    5485 |    8909 |  61.9 |      40 |      21 |  34.4
       D:13 |   12400 |    3978 |  24.3 |      43 |      14 |  24.6
       D:14 |   18475 |    6860 |  27.1 |      54 |       8 |  12.9
       D:15 |   16406 |    4845 |  22.8 |      38 |       7 |  15.6
     Lair:1 |    9952 |       0 |   0.0 |      45 |       0 |   0.0
     Lair:2 |    1682 |    2761 |  62.1 |       9 |       9 |  50.0
     Lair:3 |    5470 |    1529 |  21.8 |      19 |       6 |  24.0
     Lair:4 |    2732 |    1224 |  30.9 |      13 |       7 |  35.0
     Lair:5 |    8407 |    1476 |  14.9 |      20 |       4 |  16.7
     Lair:6 |   15163 |   16048 |  51.4 |      53 |      32 |  37.6
   Shoals:1 |   11772 |       0 |   0.0 |      25 |       0 |   0.0
   Shoals:2 |    1758 |       0 |   0.0 |       3 |       0 |   0.0
      Orc:1 |    3450 |    3102 |  47.3 |      45 |      14 |  23.7
      Orc:2 |    2324 |   11038 |  82.6 |      29 |      44 |  60.3
   Depths:1 |     361 |       0 |   0.0 |       1 |       0 |   0.0
        Lab |       0 |    1239 | 100.0 |       0 |       1 | 100.0
      Sewer |       0 |      71 | 100.0 |       0 |      19 | 100.0
            +---------+---------+-------+---------+---------+-------
